Map: Tokamak LE

Players

Reynor

  • Race: Zerg Zerg
  • League: Master
  • Spawn Location: 1:00

Lambo - Winner!

  • Race: Zerg Zerg
  • Spawn Location: 7:00

Event: FEL Cracov 2025

VOD

Have the link to the VOD?

Description

Time

  • Played on: July 27, 2025, 12:15 p.m.
  • Length: 7:34

All games in this series

Show
View Real Time Build Order
Export as new Build Order

Reynor Zerg 

Build Orders: Hatch First 

Get SALT Encoding   

  12  0:00  Drone  
  13  0:07  Drone  
  14  0:14  Extractor, Drone  
  15  0:22  Overlord  
  15  0:41  Drone  
  16  0:45  Hatchery  
  16  0:48  Drone  
  16  0:52  Drone  
  16  0:56  Drone  
  18  1:06  Extractor  
  18  1:11  Spawning Pool  
  16  1:14  Drone  
  16  1:17  Drone  
  18  1:26  Drone  
  19  1:37  Drone  
  20  1:47  Drone  
  21  1:57  Drone, Queen  
  21  1:58  Queen  
  21  1:59  Overlord  
  26  2:07  Drone  
  27  2:09  Zergling x2, Metabolic Boost  
  28  2:19  Drone x2  
  30  2:29  Drone  
  31  2:30  Drone  
  32  2:37  Hatchery  
  32  2:40  Drone  
  32  2:42  Drone  
  33  2:49  Baneling Nest  
  32  2:52  Overlord  
  32  2:54  Drone  
  33  3:02  Zergling x2  
  33  3:04  Drone  
  35  3:09  Drone  
  35  3:10  Overlord  
  35  3:11  Queen  
  35  3:12  Drone  
  39  3:16  Zergling x2  
  39  3:17  Zergling x2  
  39  3:18  Zergling x2  
  42  3:23  Overlord  
  42  3:24  Drone  
  43  3:30  Drone  
  43  3:32  Drone  
  45  3:40  Drone x4  
  49  3:42  Roach Warren  
  49  3:44  Drone  
  49  3:45  Drone  
  49  3:47  Drone  
  51  3:50  Drone  
  51  3:51  Drone  
  51  3:55  Overlord  
  53  3:58  Drone  
  53  4:01  Drone  
  54  4:06  Drone x2  
  56  4:11  Drone  
  56  4:17  Overlord  
  57  4:20  Drone x3  
  57  4:22  Overlord  
  59  4:25  Drone x2  
  59  4:26  Lair  
  59  4:28  Extractor  
  59  4:30  Extractor  
  57  4:32  Roach x3  
  57  4:33  Roach x2  
  67  4:40  Overlord  
  67  4:42  Evolution Chamber  
  67  4:43  Baneling  
  67  4:44  Roach x2  
  70  4:51  Overlord  
  70  4:54  Overlord  
  70  4:55  Roach  
  70  4:56  Roach  
  70  4:58  Drone x4  
  70  4:59  Extractor  
  77  5:02  Roach x2  
  81  5:07  Drone  
  81  5:08  Drone, Overlord  
  81  5:10  Drone x2  
  81  5:14  Drone  
  85  5:17  Drone  
  85  5:18  Drone  
  87  5:25  Drone x3, Extractor, Glial Reconstitution  
  87  5:26  Drone  
  90  5:29  Drone x2, Extractor  
  90  5:31  Drone x3  
  90  5:32  Overseer  
  95  5:35  Drone  
  95  5:37  Drone  
  95  5:41  Pneumatized Carapace  
  95  5:42  Overlord  
  96  5:46  Roach x2  
  96  5:49  Roach  
  102  5:50  Roach  
  102  5:53  Overlord  
  102  5:55  Roach x2  
  102  5:56  Hatchery  
  107  6:03  Overlord  
  107  6:04  Roach x3  
  113  6:06  Roach x2  
  113  6:10  Roach x2  
  121  6:12  Overlord  
  121  6:14  Roach x2  
  125  6:18  Overlord  
  125  6:20  Ravager  
  125  6:21  Ravager x2  
  125  6:25  Roach x2  
  132  6:26  Roach x2  
  132  6:28  Overlord, Spine Crawler  
  132  6:30  Roach, Spine Crawler  
  134  6:40  Roach x5  
  134  6:46  Roach x3  
  134  6:47  Roach  
  130  6:49  Roach  
  130  6:52  Roach  
  130  6:54  Roach  
  120  6:58  Roach  
  120  6:59  Roach x3  
  113  7:04  Roach x2  
  103  7:09  Roach  
Show
View Real Time Build Order
Export as new Build Order

Lambo Zerg - Winner!

Build Orders: Hatch First 

Get SALT Encoding   

  12  0:00  Drone  
  13  0:08  Drone  
  14  0:15  Extractor, Drone  
  14  0:21  Overlord  
  15  0:39  Drone  
  16  0:44  Hatchery  
  16  0:48  Drone  
  16  0:51  Drone  
  16  0:55  Drone  
  18  1:06  Extractor  
  18  1:10  Spawning Pool  
  16  1:13  Drone  
  16  1:17  Drone  
  18  1:26  Drone  
  19  1:37  Drone  
  20  1:47  Drone  
  21  1:58  Queen x2  
  21  1:59  Drone, Overlord  
  26  2:07  Drone  
  27  2:09  Drone  
  27  2:11  Metabolic Boost  
  28  2:18  Drone  
  28  2:22  Drone  
  30  2:30  Zergling x2  
  30  2:31  Drone  
  32  2:37  Hatchery  
  32  2:39  Drone  
  32  2:45  Baneling Nest  
  32  2:46  Overlord  
  32  2:50  Zergling x2  
  32  2:58  Drone  
  33  3:02  Drone  
  33  3:05  Drone x2  
  36  3:07  Drone x4  
  36  3:09  Drone  
  41  3:15  Overlord  
  41  3:20  Queen  
  41  3:22  Drone  
  44  3:29  Roach Warren  
  44  3:31  Baneling  
  44  3:32  Drone  
  44  3:34  Drone  
  44  3:36  Extractor, Drone  
  44  3:37  Drone  
  44  3:38  Drone  
  44  3:40  Baneling  
  47  3:41  Zergling x2  
  47  3:43  Drone  
  47  3:45  Drone  
  50  3:50  Drone x3  
  52  4:05  Lair  
  52  4:06  Drone x3  
  55  4:10  Overlord  
  55  4:11  Zergling x2  
  55  4:12  Zergling x2, Extractor  
  56  4:18  Zergling x4  
  56  4:24  Drone  
  56  4:27  Extractor  
  56  4:28  Overlord  
  56  4:29  Overlord  
  56  4:31  Evolution Chamber  
  56  4:33  Drone x5  
  56  4:38  Overlord  
  60  4:43  Overlord  
  62  4:48  Roach x4  
  70  4:55  Roach x4  
  70  4:59  Zerg Missile Weapons Level 1  
  76  5:03  Overlord  
  76  5:04  Roach x3  
  82  5:08  Glial Reconstitution  
  82  5:15  Roach x2  
  82  5:17  Overlord  
  82  5:19  Overlord  
  86  5:22  Overlord  
  86  5:24  Overlord  
  85  5:31  Overlord  
  85  5:32  Roach x4  
  93  5:37  Overlord  
  93  5:39  Roach  
  93  5:41  Overlord  
  95  5:44  Roach  
  95  5:47  Roach x2  
  101  5:51  Roach x2  
  105  5:59  Roach x3  
  105  6:01  Roach x2  
  105  6:02  Ravager  
  116  6:04  Ravager  
  116  6:09  Roach x2  
  121  6:14  Roach  
  121  6:15  Roach x2  
  121  6:17  Overlord  
  127  6:20  Roach  
  127  6:21  Roach  
  127  6:24  Roach  
  133  6:26  Roach  
  133  6:29  Roach  
  139  6:33  Roach x2  
  139  6:37  Roach x2  
  145  6:43  Roach  
  145  6:44  Roach x2  
  133  6:47  Roach x2  
  133  6:51  Roach x2  
  124  6:54  Roach  
  124  6:57  Roach  
  124  6:58  Roach  
  124  7:00  Roach  
  122  7:03  Roach, Zergling x2  
  122  7:06  Roach  
  123  7:12  Roach x3  
Tags
 
Add a new tag
Caveats
  • Supply blocks, unpowered buildings, or Contaminate may cause inaccurate times.
  • Supply counts are checked every 10 seconds.